 Dungeon Crawl Stone Soup version 0.29.1-15-g9cfb28693d (webtiles) character file.

Game seed: 935974636021341842

8299 Smoke131 the Spear-Bearer (level 11, -2/74 HPs)
             Began as a Pale Draconian Fire Elementalist on Mar 3, 2023.
             Was a Believer of Vehumet.
             Slain by a komodo dragon (19 damage)
             ... on level 10 of the Dungeon.
             The game lasted 00:32:15 (12239 turns).

Smoke131 the Spear-Bearer (DrFE)                   Turns: 12239, Time: 00:32:16

Health: -2/74      AC: 10    Str: 11    XL:     11   Next: 8%
Magic:  0/18       EV: 18    Int: 20    God:    Vehumet [**....]
Gold:   238        SH:  0    Dex: 11    Spells: 10/20 levels left

rFire   + . .      SeeInvis +   b - staff of fire
rCold   . . .      Faith    .   (no shield)
rNeg    . . .      Spirit   .   (body armour unavailable)
rPois   .          Reflect  .   (helmet restricted)
rElec   .          Harm     .   u - +1 cloak
rCorr   .          Rampage  .   (no gloves)
Will    .....                   B - +0 pair of boots
Stlth   ++........              (no amulet)
HPRegen 0.22/turn               l - +4 ring of evasion
MPRegen 0.16/turn               v - ring of see invisible

@: about to teleport, studying Polearms
A: breathe steam, AC +7, unfitting armour, cold-blooded, steam resistance
a: Breathe Steam, Renounce Religion


You were on level 10 of the Dungeon.
You worshipped Vehumet.
Vehumet was pleased with you.
You visited 2 branches of the dungeon, and saw 11 of its levels.

You collected 491 gold pieces.
You spent 253 gold pieces at shops.

Inventory:

Hand Weapons
 k - a +1 spear of protection
Missiles
 w - 2 throwing nets
Armour
 u - a +1 cloak (worn)
 B - a +0 pair of boots (worn)
Magical Staves
 b - a staff of fire (weapon)
Jewellery
 e - a ring of ice
 l - a +4 ring of evasion (left hand)
 v - a ring of see invisible (right hand)
Wands
 i - a wand of roots (14)
 o - a wand of polymorph (14)
Scrolls
 d - a scroll of noise {unknown}
 n - a scroll of immolation
 r - 4 scrolls of teleportation
 x - a scroll of butterflies
 y - a scroll of magic mapping
 z - a scroll of silence
 A - a scroll of blinking
 C - a scroll of fear
 E - a scroll of vulnerability {unknown}
 F - a scroll of enchant weapon
 G - 2 scrolls of enchant armour
Potions
 a - a potion of resistance
 c - 2 potions of lignification
 f - 4 potions of curing
 g - 2 potions of haste
 h - 2 potions of heal wounds
 j - 2 potions of mutation
 m - a potion of brilliance
 p - 3 potions of might
 q - 3 potions of attraction
 s - a potion of ambrosia
 t - a potion of invisibility
 D - a potion of berserk rage


   Skills:
 + Level 10.6 Polearms
 + Level 8.0 Dodging
 - Level 2.0 Stealth
 - Level 5.0 Spellcasting
 + Level 8.6 Conjurations
 + Level 9.9 Fire Magic


You had 10 spell levels left.
You knew the following spells:

 Your Spells              Type           Power      Damage    Failure   Level
a - Foxfire               Conj/Fire      100%       2x1d9     1%          1
b - Scorch                Fire           100%       2d10      1%          2
c - Conjure Flame         Conj/Fire      58%        6-21      1%          3
d - Flame Wave            Conj/Fire      58%        2d14      2%          4

Your spell library contained the following spells:

 Spells                   Type           Power      Damage    Failure   Level
 Mephitic Cloud           Conj/Pois/Air  16%        N/A       11%         3
 Inner Flame              Hex/Fire       37%        N/A       4%          3
 Beastly Appendage        Tmut           10%        N/A       12%         1
 Wereblood                Tmut           5%         N/A       17%         2
 Call Canine Familiar     Summ           5%         N/A       34%         3
 Frozen Ramparts          Ice            10%        1d2       34%         3
 Gell's Gravitas          Tloc           5%         N/A       34%         3
 Portal Projectile        Hex/Tloc       10%        N/A       34%         3
 Spider Form              Tmut/Pois      5%         N/A       34%         3
 Teleport Other           Tloc           5%         N/A       34%         3
 Ice Form                 Ice/Tmut       5%         N/A       75%         4
 Leda's Liquefaction      Hex/Erth       2%         N/A       75%         4
 Summon Ice Beast         Ice/Summ       5%         N/A       75%         4
 Dispersal                Tloc           2%         N/A       100%        6


Dungeon Overview and Level Annotations

Branches:
Dungeon (10/15)            Temple (1/1) D:5            Lair (0/5) D:10
    Orc (0/2) D:9

Altars:
Ashenzari
Dithmenos
Elyvilon
Fedhas
Gozag
Hepliaklqana
Kikubaaqudgha
Makhleb
Nemelex Xobeh
Okawaru
Qazlal
Ru
Sif Muna
Trog
Uskayaw
Vehumet
Wu Jian
Xom
Yredelemnul
Zin
The Shining One

Shops:
D:5 !   D:9 ?

Portals:
Abyss: D:5

Annotations:
D:5 2 transporters, Loveship's ghost, novice DsCj
D:7 1 runed translucent door, firemarshallily's ghost, novice OpBr


Innate Abilities, Weirdness & Mutations

You can breathe blasts of scalding, opaque steam.
Your pale cyan-grey scales are hard. (AC +7)
You cannot fit into any form of body armour.
You are cold-blooded and may be slowed by cold attacks.
You are immune to the effects of steam.


Message History

(Press . to intensify the flame waves.)
The kobold throws a stone.
The stone closely misses you.
Your Dodging skill increases to level 8!
A wave of flame ripples out!
The flame wave engulfs the kobold!
You kill the kobold!
Vehumet accepts your kill.
You feel your power returning.
The flame wave engulfs the kobold!!
You kill the kobold!
Vehumet accepts your kill.
You feel your power returning.
A wave of flame ripples out!
You finish channelling waves of flame.
Things that are here:
a +0 short sword; a ring of protection from cold; a kobold corpse
Casting: Flame Wave (dangerous; 2% risk of failure)
Confirm with . or Enter, or press ? or * to list all spells.
You feel a surge of power!
Flames lash the komodo dragon.
The komodo dragon is moderately wounded.
The komodo dragon's fire resistance burns away.
Casting: Scorch (safe; 1% risk of failure)
Confirm with . or Enter, or press ? or * to list all spells.
You feel a surge of power!
Flames lash the komodo dragon.
The komodo dragon is moderately wounded.
Casting: Scorch (safe; 1% risk of failure)
Confirm with . or Enter, or press ? or * to list all spells.
You don't have enough magic to cast this spell.
The komodo dragon attacks as you move away!
The komodo dragon bites you!
The komodo dragon attacks as you move away!
The komodo dragon bites you!
There is an open door here.
Casting: Scorch (safe; 1% risk of failure)
Confirm with . or Enter, or press ? or * to list all spells.
You feel a surge of power!
Flames lash the komodo dragon.
The komodo dragon is burned terribly!
The komodo dragon is heavily wounded.
The komodo dragon bites you!
* * * LOW HITPOINT WARNING * * *
As you read the scroll of teleportation, it crumbles to dust.
You feel strangely unstable. The komodo dragon bites you!!
You die...

.. .. )#
####'#####
#############
#..)).....
............####
#..)......
###########....#
#.).......
####.###..)......
#..@l.))).....
#####.........
##########


You could see a komodo dragon (combustible).

Vanquished Creatures
  A boulder beetle (D:6)
  Amaemon (D:8)
  Maurice (D:8)
  Joseph (D:7)
  An orange demon (D:8)
  Psyche (D:8)
  A troll (D:10)
  A hornet (D:7)
  Prince Ribbit (D:5)
  Grinder (D:4)
  A wyvern (D:8)
  Eustachio (D:5)
  4 yaks (D:9)
  3 steam dragons
  Menkaure (D:5)
  An acid dragon (D:10)
  4 orc warriors
  A black bear (D:6)
  An ogre (D:7)
  3 ice beasts
  A sky beast (D:8)
  7 centaurs
  3 kobold brigands
  2 necrophages
  4 scorpions
  2 bullfrogs
  A gnoll sergeant (D:10)
  5 wights (D:6)
  6 killer bees
  3 howler monkeys (D:8)
  2 hounds
  3 orc priests
  A jelly (D:6)
  3 iguanas
  6 orc wizards
  Ijyb (D:4)
  11 gnolls
  7 adders
  2 shadow imps
  3 white imps
  A worm (D:2)
  6 dart slugs
  25 orcs
  4 ball pythons
  7 endoplasms
  2 giant cockroaches
  4 goblins
  9 hobgoblins
  14 jackals
  20 kobolds
  5 quokkas
  7 bats
  2 frilled lizards (D:2)
  7 rats
216 creatures vanquished.

Vanquished Creatures (collateral kills)
  7 foxfires (D:3)
7 creatures vanquished.

Vanquished Creatures (others)
  3 gnolls (D:4)
  136 foxfires
  2 plants (D:3)
141 creatures vanquished.

Grand Total: 364 creatures vanquished

Notes
Turn   | Place    | Note
-------+----------+-------------------------------------------
     0 | D:1      | Smoke131 the Draconian Fire Elementalist began the quest
                  | for the Orb.
     0 | D:1      | Reached XP level 1. HP: 14/14 MP: 3/3
   154 | D:1      | Reached XP level 2. HP: 10/20 MP: 0/5
   157 | D:1      | Learned a level 2 spell: Scorch
   703 | D:1      | Found a faded altar of an unknown god.
   776 | D:1      | Reached XP level 3. HP: 26/26 MP: 0/6
  1857 | D:2      | Reached XP level 4. HP: 33/33 MP: 2/7
  2433 | D:2      | Identified the +1 scale mail "Xoluy" {Dex+3}
  2606 | D:2      | Found a broken altar of Ashenzari.
  3364 | D:3      | Reached XP level 5. HP: 31/38 MP: 2/9
  4090 | D:3      | Found a glowing golden altar of the Shining One.
  4090 | D:3      | Found a bloodstained altar of Trog.
  4478 | D:4      | Identified a scroll of acquirement
  4478 | D:4      | Acquired a staff of fire
  4803 | D:4      | Learned a level 3 spell: Conjure Flame
  4854 | D:4      | Found a glowing silver altar of Zin.
  4854 | D:4      | Noticed an angel
  4862 | D:4      | Found a shimmering altar of Xom.
  5059 | D:4      | Found an ornate altar of the Wu Jian Council.
  5078 | D:4      | Reached XP level 6. HP: 45/45 MP: 2/11
  5231 | D:4      | Noticed Grinder
  5241 | D:4      | Noticed Ijyb
  5291 | D:4      | Killed Grinder
  5292 | D:4      | Your scales start taking on a pale cyan-grey colour.
  5292 | D:4      | Reached skill level 5 in Fire Magic
  5292 | D:4      | Reached XP level 7. HP: 35/50 MP: 6/12
  5292 | D:4      | Gained mutation: You are immune to the effects of steam.
                  | [Pale Draconian growth]
  5293 | D:4      | Killed Ijyb
  5707 | D:5      | Entered Level 5 of the Dungeon
  5750 | D:5      | Noticed Prince Ribbit
  5754 | D:5      | Noticed Menkaure
  5759 | D:5      | Killed Prince Ribbit
  5760 | D:5      | Reached skill level 1 in Polearms
  5770 | D:5      | Killed Menkaure
  5771 | D:5      | Reached skill level 2 in Polearms
  6020 | D:5      | Reached skill level 3 in Polearms
  6020 | D:5      | Reached XP level 8. HP: 57/57 MP: 5/14
  6177 | D:5      | Learned a level 4 spell: Flame Wave
  6208 | D:5      | Found a transporter.
  6255 | D:5      | Found a staircase to the Ecumenical Temple.
  6272 | D:5      | Found a transporter.
  6290 | D:5      | Noticed Loveship's ghost (novice DsCj)
  6309 | D:5      | Found Hyvy's Distillery.
  6412 | D:5      | Found a one-way gate to the infinite horrors of the Abyss.
  6439 | Temple   | Entered the Ecumenical Temple
  6444 | Temple   | Became a worshipper of Vehumet
  6648 | D:5      | Noticed Eustachio
  6661 | D:5      | Killed Eustachio
  6662 | D:5      | Reached skill level 4 in Polearms
  6843 | D:6      | Reached skill level 5 in Conjurations
  7070 | D:6      | Reached skill level 5 in Spellcasting
  7181 | D:6      | Reached skill level 5 in Dodging
  7198 | D:6      | Reached skill level 5 in Polearms
  7800 | D:6      | Reached XP level 9. HP: 50/62 MP: 2/16
  7931 | D:6      | Noticed a boulder beetle
  8015 | D:6      | Reached skill level 6 in Polearms
  8189 | D:6      | Killed a boulder beetle
  8303 | D:6      | Reached skill level 7 in Polearms
  8468 | D:6      | Found a burning altar of Makhleb.
  8567 | D:7      | Reached * piety under Vehumet
  8567 | D:7      | Offered knowledge of Magic Dart by Vehumet.
  8734 | D:7      | Found a runed translucent door.
  8738 | D:7      | Noticed a red ugly thing
  8739 | D:7      | Noticed firemarshallily's ghost (novice OpBr)
  9182 | D:7      | Noticed Joseph
  9197 | D:7      | Killed Joseph
  9198 | D:7      | Reached skill level 8 in Polearms
  9338 | D:7      | Reached XP level 10. HP: 69/69 MP: 6/17
  9612 | D:8      | Noticed Maurice
  9618 | D:8      | Killed Maurice
  9943 | D:8      | Noticed Psyche
  9980 | D:8      | Killed Psyche
 10144 | D:8      | Reached skill level 9 in Polearms
 10190 | D:8      | Noticed Amaemon
 10191 | D:8      | Noticed an orange demon
 10204 | D:8      | Killed Amaemon
 10227 | D:8      | Killed an orange demon
 10419 | D:8      | Reached ** piety under Vehumet
 10697 | D:9      | Offered knowledge of Static Discharge by Vehumet.
 10970 | D:9      | Reached skill level 10 in Polearms
 11140 | D:9      | Found a staircase to the Orcish Mines.
 11536 | D:9      | Found Gosmimp's Magic Scroll Boutique.
 11542 | D:9      | Bought a scroll of identify for 26 gold pieces
 11542 | D:9      | Bought 2 scrolls of identify for 52 gold pieces
 11542 | D:9      | Bought a scroll of identify for 26 gold pieces
 11542 | D:9      | Bought a scroll of identify for 26 gold pieces
 11542 | D:9      | Bought a scroll of brand weapon for 123 gold pieces
 11725 | D:9      | Offered knowledge of Mephitic Cloud by Vehumet.
 11904 | D:10     | Entered Level 10 of the Dungeon
 11925 | D:10     | Found a staircase to the Lair.
 11995 | D:10     | Reached XP level 11. HP: 74/74 MP: 14/18
 12239 | D:10     | Slain by a komodo dragon

Illustrated notes

Levels and vault maps discovered:
D:1:      nzn_arrival_water_spiral, layout_basic, basic_ecumenical_altar,
          amcnicky_mini_rare_corridor_liquid, minmay_vboxes
D:2:      mumra_celtic_spiral_tile, layout_basic, basic_altar,
          minmay_liquid_box, grunt_ministairs_13
D:3:      layout_basic, gammafunk_temple_overflow_pools,
          serial_co_window_serial, co_window_paths_a,
          co_window_of_opportunity_a, co_window_of_opportunity_a,
          co_window_of_opportunity_a, co_window_cross_1, co_window_corner_cb,
          co_window_2corner, co_window_broadway_b, glass_columns_a,
          glass_columns_c, glass_columns_b, glass_columns_a,
          serial_bayou_lagoon_b
D:4:      layout_basic, grunt_temple_overflow_order_and_chaos_1,
          mainiacjoe_overflow_surrounded_room, uniq_ijyb, uniq_grinder
D:5:      layout_loops_ring, temple_doors_cd, gammafunk_ghost_abyssal_escape,
          serial_shops, nicolae_shop_stone, uniq_eustachio, uniq_prince_ribbit1,
          uniq_menkaure
D:6:      layout_loops_ring, lightli_temple_of_fire, minmay_misc_feat_chi,
          minmay_manual_moon
D:7:      hellmonk_destroyed_diamonds, layout_rooms, ebering_ghost_inner_flame,
          uniq_joseph
D:8:      layout_basic, uniq_amaemon, uniq_maurice, uniq_psyche
D:9:      layout_stronghold, orc_0_dummy, serial_shops, shop_fountains,
          statue_in_the_mist_lemuel
D:10:     layout_roguey, slow_altar_1, dpeg_oklobed_lair, grunt_decor_one_mirror
Temple:   minmay_freezing_vapour_temple

Skill      XL: |  1  2  3  4  5  6  7  8  9 10 11 |
---------------+----------------------------------+-----
Dodging        | 2 3 4 5 6 7 8 |  8.0
Stealth        | 2 |  2.0
Conjurations   | 2 3 4 5 7 8 |  8.6
Spellcasting   | 3 4 5 |  5.0
Fire Magic     | 4 5 7 8 9 |  9.9
Polearms       | 3 5 8 10 | 10.6

Action                   |  1- 3 |  4- 6 |  7- 9 | 10-12 || total
-------------------------+-------+-------+-------+-------++-------
Melee: Unarmed           |    12 |       |       |       ||    12
       Tailslap          |     6 |     9 |     3 |     2 ||    20
       Short sword       |    28 |       |       |       ||    28
       Spear             |     5 |    69 |       |       ||    74
       Staff             |       |    27 |    19 |    22 ||    68
       Punch             |       |       |       |     2 ||     2
 Cast: Foxfire           |    50 |    30 |       |     9 ||    89
       Scorch            |     4 |    29 |   135 |    67 ||   235
       Conjure Flame     |       |       |     1 |     2 ||     3
       Flame Wave        |       |       |       |    11 ||    11
 Abil: Breathe Steam     |       |       |     1 |     2 ||     3
  Use: Potion            |     1 |     1 |       |       ||     2
       Scroll            |       |    11 |     7 |     9 ||    27
 Stab: Sleeping          |     1 |     4 |       |       ||     5
Armor: Skin              |    13 |    38 |    16 |    18 ||    85
Dodge: Dodged            |    58 |    72 |    71 |    74 ||   275
